 Dungeon Crawl Stone Soup version 0.29.1-2-gbd0b4ee654 (webtiles) character file.

Game seed: 14710365879005708839

64 GorkyZ the Trooper (level 3, -5/29 HPs)
             Began as a Demonspawn Fighter on Nov 19, 2022.
             Slain by Sigmund
             ... wielding a +0 scythe
              (6 damage)
             ... on level 2 of the Dungeon.
             The game lasted 00:02:51 (1264 turns).

GorkyZ the Trooper (Demonspawn Fighter)             Turns: 1264, Time: 00:02:52

Health: -5/29      AC: 11    Str: 18    XL:     3   Next: 91%
Magic:  3/3        EV:  5    Int:  9    God:
Gold:   62         SH:  4    Dex: 12    Spells: 2/2 levels left

rFire   . . .      SeeInvis .   h - +0 hand axe
rCold   . . .      Faith    .   c - +0 buckler
rNeg    . . .      Spirit   .   n - +0 plate armour
rPois   .          Reflect  .   (no helmet)
rElec   .          Harm     .   (no cloak)
rCorr   .          Rampage  .   (no gloves)
Will    .....                   (no boots)
Stlth   ..........              (no amulet)
HPRegen 0.09/turn               (no ring)
MPRegen 0.08/turn               (no ring)

@: no status effects
A: condensation shield, demonic touch 1
a: no special abilities


You were on level 2 of the Dungeon.
You visited 1 branch of the dungeon, and saw 2 of its levels.

You collected 62 gold pieces.

Inventory:

Hand Weapons
 a - a +0 war axe
 h - a +0 hand axe (weapon)
Armour
 b - a +0 scale mail
 c - a +0 buckler (worn)
 n - a +0 plate armour (worn)
Scrolls
 g - 2 scrolls of teleportation {unknown}
 i - a scroll of noise {unknown}
 j - a scroll of enchant weapon {unknown}
Potions
 d - a potion of might
 e - a potion of berserk rage {unknown}
 f - a potion of curing {unknown}
 k - a potion of invisibility {unknown}
 l - a potion of lignification {unknown}
 m - a potion of ambrosia {unknown}
 o - a potion of cancellation {unknown}


   Skills:
 + Level 3.3 Fighting
 + Level 2.3 Axes
 + Level 1.0 Throwing
 + Level 3.0 Armour
 + Level 3.0 Shields
 + Level 1.0 Evocations


You had 2 spell levels left.
You didn't know any spells.
Your spell library contained the following spells:

 Spells                   Type           Power      Damage    Failure   Level
 Apportation              Tloc           0%         N/A       100%        1
 Necrotise                Necr           0%         1d4       100%        1
 Summon Small Mammal      Summ           0%         N/A       100%        1


Dungeon Overview and Level Annotations

Branches:
Dungeon (2/15)

Altars:

Annotations:
D:2 Sigmund


Innate Abilities, Weirdness & Mutations

A meltable shield of frost defends you. (SH +0)
Your touch may inflict minor irresistible damage on your foes.


Message History

You are too injured to fight recklessly!
You are too injured to fight recklessly!
You are too injured to fight recklessly!
You are too injured to fight recklessly!
You are too injured to fight recklessly!
You are too injured to fight recklessly!
You are too injured to fight recklessly!
You are too injured to fight recklessly!
You are too injured to fight recklessly!
You are too injured to fight recklessly!
You are too injured to fight recklessly!
You hit Sigmund but do no damage.
Sigmund is moderately wounded.
Sigmund mumbles some strange words.
Sigmund flickers and vanishes!
Deactivating autopickup; reactivate with Ctrl-A.
You hit the adder.
The adder is severely wounded.
You hit something. The adder bites you but does no damage. Something hits you.
You block the adder's attack.
You slash the adder!
You kill the adder!
You miss something. Something hits you but does no damage.
Your Throwing skill increases to level 1!
You miss something. Something hits you.
* * * LOW HITPOINT WARNING * * *
You hit something. You barely miss something. Something hits you.
* * * LOW HITPOINT WARNING * * *
You barely miss something.
You hear some strange, mumbled words.
A puff of flame appears from out of thin air!
The puff of flame hits you.
Your condensation shield dissipates!
* * * LOW HITPOINT WARNING * * *
You miss something. Something hits you but does no damage.
You closely miss something. Something hits you.
* * * LOW HITPOINT WARNING * * *
You hit something. Something hits you.
You die...

#.>....'............##
#......##<...........#
#......####....#.##..#
#......# #....#......
#......# #....#......
####'######....#......
#.#...#####.#......
###.....# #####..
#...@†..+ .. #....{..#
.. #.......# #.......#
#.......# #.......#
......... ######.....


There were no monsters in sight!

Vanquished Creatures
  2 adders (D:2)
  3 dart slugs (D:1)
  3 endoplasms (D:1)
  A giant cockroach (D:2)
  2 goblins
  7 hobgoblins (D:1)
  4 jackals (D:1)
  3 kobolds
  A quokka (D:1)
  2 ball pythons (D:1)
  5 bats
  2 frilled lizards (D:1)
35 creatures vanquished.

Notes
Turn   | Place    | Note
-------+----------+-------------------------------------------
     0 | D:1      | GorkyZ the Demonspawn Fighter began the quest for the Orb.
     0 | D:1      | Reached XP level 1. HP: 18/18 MP: 1/1
   109 | D:1      | Gained mutation: A meltable shield of frost defends you.
                  | (SH +0) [demonic ancestry]
   109 | D:1      | Reached XP level 2. HP: 12/24 MP: 2/2
   448 | D:1      | Found a faded altar of an unknown god.
   631 | D:1      | Gained mutation: Your touch may inflict minor irresistible
                  | damage on your foes. [demonic ancestry]
   631 | D:1      | Reached XP level 3. HP: 23/29 MP: 3/3
  1128 | D:2      | Reached skill level 1 in Evocations
  1246 | D:2      | Noticed Sigmund
  1258 | D:2      | Reached skill level 1 in Throwing
  1263 | D:2      | HP: 1/29 [something (5)]
  1264 | D:2      | Slain by Sigmund

Illustrated notes

Levels and vault maps discovered:
D:1:      wander_arrival_chamber, layout_rooms,
          chequers_ecumenical_altar_simple_redux, fountainhead,
          corexii_leaking_fountain
D:2:      layout_basic, basic_altar, dk_noncrumbling_2, uniq_sigmund

Skill      XL: |  1  2  3 |
---------------+----------+-----
Axes           | 2 |  2.3
Armour         | 3 |  3.0
Shields        | 3 |  3.0
Evocations     | 1 |  1.0
Throwing       | 1 |  1.0
Fighting       | |  3.3

Action                   || total
-------------------------++-------
Melee: War axe           ||    45
       Hand axe          ||    83
Armor: Scale mail        ||    48
       Plate armour      ||    20
Dodge: Dodged            ||    50
Block: Buckler           ||    45
